 Dungeon Crawl Stone Soup version 0.20-a0-1114-g33edf32 (webtiles) character file.

25 4thArraOfDagon the Ducker (level 2, 0/11 HPs)
             Began as a Felid Ice Elementalist on May 6, 2017.
             Was an Initiate of Cheibriados.
             Slain by a jackal (2 damage)
             ... on level 2 of the Dungeon.
             The game lasted 00:03:25 (1153 turns).

4thArraOfDagon the Ducker (Felid Ice Elementalist)  Turns: 1153, Time: 00:03:26

Health: 0/11       AC:  1    Str:  5    XL:     2   Next: 82%
Magic:  0/6        EV: 18    Int: 17    God:    Cheibriados [......]
Gold:   59         SH:  0    Dex: 17    Spells: 4/5 levels left
                                        Lives:  0   Deaths: 0

rFire    . . .     SeeInvis +     - Unarmed
rCold    . . .     Gourm    .   (shield unavailable)
rNeg     . . .     Faith    .   (armour unavailable)
rPois    .         Spirit   .   (helmet unavailable)
rElec    .         Reflect  .   (cloak unavailable)
rCorr    .         Harm     .   (gloves unavailable)
MR       .....                  (boots unavailable)
Stlth    +++.......             (no amulet)
Regen    0.1/turn               (no ring)
MPRegen  0.1/turn               (no ring)

@: hasted, very quick
A: no armour, no weapons or thrown items, stealth, claws 1, fangs 3, see
invisible, carnivore 3, speed 1, shaggy fur 1, slow metabolism 1, sharp paws
a: Bend Time, Renounce Religion


You were on level 2 of the Dungeon.
You worshipped Cheibriados.
Cheibriados was noncommittal.
You were very full.

You visited 2 branches of the dungeon, and saw 6 of its levels.

You collected 59 gold pieces.

Inventory:

Scrolls
 f - a scroll of fear {unknown}
Books
 a - a book of Frost

   Spells                             Type                      Level
   a - Freeze                         Ice                          1
   b - Throw Frost                    Conjuration/Ice              2
   c - Ozocubu's Armour               Charms/Ice                   3
   d - Throw Icicle                   Conjuration/Ice              4
   e - Summon Ice Beast               Ice/Summoning                4
Comestibles
 b - a meat ration
 d - a royal jelly


   Skills:
 + Level 3.1 Dodging
 + Level 3.0 Stealth
 * Level 1.4 Unarmed Combat
 - Level 2.0 Spellcasting
   Level 0.8 Conjurations
 + Level 3.0 Ice Magic


You had 4 spell levels left.
You knew the following spells:

 Your Spells              Type           Power        Failure   Level  Hunger
a - Freeze                Ice            ##..         5%          1    #......


Dungeon Overview and Level Annotations

Branches:
Dungeon (5/15)             Temple (1/1) D:5

Altars:
Ashenzari
Cheibriados
Elyvilon
Makhleb
Nemelex Xobeh
Okawaru
Qazlal
Sif Muna
Trog
Uskayaw
Wu Jian
Zin


Innate Abilities, Weirdness & Mutations

You cannot wear armour.
You are incapable of wielding weapons or throwing items.
Your paws allow you to move quietly. (Stealth)
You have sharp claws.
You have razor-sharp teeth.
You have supernaturally acute eyesight. (SInv)
You are carnivorous and can eat meat at any time.
You cover ground quickly.
You are covered in fur. (AC +1)
You have a slow metabolism.
Your sharp claws are effective at attacking unaware monsters.


Message History

The jackal is heavily wounded.
The jackal bites you.
* * * LOW HITPOINT WARNING * * *
Casting: Freeze
Confirm with . or Enter, or press ? or * to list all spells.
Aiming: Freeze
Press: ? - help, Shift-Dir - straight line, f/p - jackal
Aim: a jackal (heavily wounded)
You freeze the jackal.
You kill the jackal!
Cheibriados thoroughly appreciates the change of pace.
You scratch the jackal.
The jackal is almost dead.
The jackal bites you.
* * * LOW HITPOINT WARNING * * *
The jackal misses you.
It was a potion of haste.
You feel yourself speed up.
Cheibriados forgives your accidental hurry, just this once.
The jackal bites you.
You die...

#.# #.# #####
#.# #.#
#.###.#
#.....#
#..#..########
##.#..........
..#....#####
#######..h.#
#.@h.##.#
#.#####.# ..
#. ##h###...#
.. #>(....#
#.# #).#.[....
#. #).#.##h##
#. #..# # # #.
..... .g......


You could see 2 jackals.

Vanquished Creatures
  A leopard gecko (D:4)
  3 orcs (D:3)
  A giant cockroach (D:2)
  2 goblins (D:2)
  3 hobgoblins (D:2)
  2 jackals (D:2)
  A quokka (D:3)
  2 bats
  2 frilled lizards (D:2)
  A rat (D:1)
18 creatures vanquished.

Notes
Turn   | Place    | Note
-------+----------+-------------------------------------------
     0 | D:1      | 4thArraOfDagon the Felid Ice Elementalist began the quest for the Orb.
     0 | D:1      | Reached XP level 1. HP: 7/7 MP: 4/4
   219 | D:3      | Reached skill level 1 in Unarmed Combat
   219 | D:3      | Reached XP level 2. HP: 10/11 MP: 1/6
   308 | D:5      | Entered Level 5 of the Dungeon
   402 | D:5      | Found a staircase to the Ecumenical Temple.
   411 | Temple   | Entered the Ecumenical Temple
   746 | Temple   | Became a worshipper of Cheibriados the Contemplative
  1153 | D:2      | Slain by a jackal

Vault maps used:
D:1:      evilmike_arrival_crescent, minmay_hexomino_u4
D:2:      lemuel_crystal_altar
D:3:      cheibrodos_old_hovel, old_standard_altar,
          lemuel_zombie_altar_yredelemnul, grunt_dithmenos_smoke, serial_curves,
          eino_curves_02, eino_curves_02, first_bread
D:4:      serial_shops, shop, chequers_big_river, uniq_natasha
D:5:      nicolae_overflow_crystal_walls, lemuel_temple_firewalk_a, uniq_ijyb
Temple:   minmay_temple_forest_path

Skill      XL: |  1  2 |
---------------+-------+-----
Stealth        | 3 |  3.0
Unarmed Combat | 1 |  1.4
Dodging        | 3 |  3.1
Ice Magic      | 3 |  3.0
Spellcasting   | |  2.0
Conjurations   | |  0.8

Action                   || total
-------------------------++-------
Melee: Unarmed           ||    16
       Bite              ||     1
 Cast: Freeze            ||    21
  Use: Scroll            ||     2
       Potion            ||     1
 Stab: Sleeping          ||     4
  Eat: Chunk             ||     7
Armor: Skin              ||     2
Dodge: Dodged            ||    27
